AoeStats
← I Love Boobs

Arabia

510214990Analyzed
1v1 RM · 2d ago on Sep 30, 2026· 44m 39s· 2 players
Game mode
Random Map
Map size
Tiny (2 player)
Population
200
Speed
Normal
Resources
Standard
Victory
Conquest
Starting age
Dark Age
Ending age
Imperial Age
RankedLock teamsTeams togetherTeam positionsShared explorationLock speedFull tech treeHidden civsTurbo modeCheats
Victory
Defeat
🇫🇮 Aztecs · Finland
1415
+15
🇩🇪 Cumans · Germany
1386
-15
Invictus SPQR
9:12 Feudal Age
7:55 Loom
9:50 Double-Bit Axe
13:47 Bloodlines
18:39 Forging
18:20 Loom
21:33 Horse Collar
23:30 Wheelbarrow
23:15 Scale Barding Armor
26:31 Scale Mail Armor
29:55 Castle Age
31:20 Hand Cart
31:00 Stone Mining
32:09 Squires
32:04 Town Watch
32:49 Husbandry
32:10 Light Cavalry
35:13 Chain Mail Armor
35:35 Iron Casting
37:07 Bow Saw
37:00 Heavy Plow
37:12 Gold Mining
I Love Boobs
9:00 Feudal Age
9:30 Double-Bit Axe
11:47 Loom
15:53 Fletching
20:47 Castle Age
19:30 Horse Collar
20:59 Crossbowman
34:54 Bodkin Arrow
36:08 Ballistics
37:00 Town Watch
37:57 Wheelbarrow
37:42 Padded Archer Armor
37:56 Heavy Plow
38:47 Leather Archer Armor
42:01 Imperial Age
40:28 Murder Holes
42:35 Bow Saw
43:47 Chemistry
43:31 Conscription
43:47 Hand Cart
Connection lost

Rejoining the realm…

Still unreachable

The connection could not be restored.

Session expired

The server has moved on; the page needs a fresh start.